 Dungeon Crawl Stone Soup version 0.29-a0-878-g7b45a56547 (webtiles) character file.

Game seed: 12633623425215926173

2996 siradein the Poker (level 9, 0/58 (75) HPs)
             Began as a Minotaur Summoner on July 20, 2022.
             Was an Initiate of Gozag.
             Slain by a wight
             ... wielding a +2 great sword of freezing
              (2 damage)
             ... on level 6 of the Dungeon.
             The game lasted 00:22:23 (9814 turns).

siradein the Poker (Minotaur Summoner)              Turns: 9814, Time: 00:22:25

HP:   0/58 (75)     AC: 17    Str: 13    XL:     9   Next: 54%
MP:   15/15         EV:  4    Int: 16    God:    Gozag
Gold: 1276          SH:  6    Dex: 11    Spells: 4/17 levels left

rFire   . . .      SeeInvis .   o - +2 spear (vorpal)
rCold   + . .      Faith    .   y - +0 kite shield
rNeg    . . .      Spirit   .   u - +1 chain mail {rC+}
rPois   .          Reflect  .   (helmet restricted)
rElec   .          Harm     .   d - +0 cloak
rCorr   .          Rampage  .   g - +0 pair of gloves
Will    .....                   (no boots)
Stlth   ..........              (no amulet)
HPRegen 0.19/turn               m - +4 ring of protection
MPRegen 0.14/turn               (no ring)

@: heavily drained
A: horns 2, retaliatory headbutt
a: Renounce Religion, Potion Petition, Call Merchant, Bribe Branch


You were on level 6 of the Dungeon.
You worshipped Gozag.
Gozag was most pleased with you.
You visited 1 branch of the dungeon, and saw 6 of its levels.
You also visited: Sewer and Ossuary.

You collected 1350 gold pieces.
You spent 13 gold pieces at shops.
You paid 61 gold pieces to Gozag.

Inventory:

Hand Weapons
 o - a +2 vorpal spear (weapon)
Armour
 d - a +0 cloak (worn)
 g - a +0 pair of gloves (worn)
 u - a +1 chain mail of cold resistance (worn)
 w - a +0 chain mail of fire resistance
 y - a +0 kite shield (worn)
Jewellery
 e - a ring of see invisible
 m - a +4 ring of protection (left hand)
Wands
 t - a wand of charming (5)
 C - a wand of roots (5)
Scrolls
 a - a scroll of magic mapping {unknown}
 c - a scroll of blinking
 j - a scroll of acquirement {unknown}
 k - 2 scrolls of fear {unknown}
 p - 3 scrolls of teleportation
 q - a scroll of poison {unknown}
 r - 4 scrolls of amnesia {unknown}
 s - a scroll of immolation {unknown}
Potions
 b - 5 potions of magic
 f - 5 potions of curing
 h - 2 potions of haste
 i - 2 potions of invisibility {unknown}
 l - 2 potions of heal wounds {unknown}
 n - 4 potions of brilliance
 v - 2 potions of mutation {unknown}
 x - 6 potions of lignification
 z - a potion of cancellation {unknown}
 A - a potion of attraction {unknown}
 B - 2 potions of might {unknown}


   Skills:
 + Level 6.0 Fighting
 + Level 7.2 Polearms
 + Level 6.1 Armour
 - Level 2.1 Dodging
 - Level 1.5 Stealth
 + Level 0.6 Shields
 + Level 4.7 Spellcasting
 + Level 5.7 Summonings


You had 4 spell levels left.
You knew the following spells:

 Your Spells              Type           Power      Damage    Failure   Level
a - Summon Small Mammal   Summ           88%        N/A       77%         1
b - Call Imp              Summ           22%        N/A       88%         2
c - Call Canine Familiar  Summ           22%        N/A       98%         3
d - Summon Guardian Gole  Hex/Summ       13%        N/A       100%        3
e - Summon Lightning Spi  Summ/Air       13%        N/A       100%        4

Your spell library contained the following spells:

 Spells                   Type           Power      Damage    Failure   Level


Dungeon Overview and Level Annotations

Branches:
Dungeon (6/15)             Temple (0/1) D:6           Sewer (visited)
Ossuary (visited)

Altars:
Ashenzari
Gozag
Okawaru
Vehumet
Xom

Shops:
D:1 !


Innate Abilities, Weirdness & Mutations

You have a pair of horns on your head.
You reflexively headbutt those who attack you in melee.


Message History

You hit the wight but do no damage. Your headbutt misses the wight.
The wight is heavily damaged.
The wight hits you with a +2 great sword of freezing.
You feel drained.
You barely miss the wight.
The wight is heavily damaged.
The wight hits you with a +2 great sword of freezing!
You feel drained.
You hit the wight.
The wight is almost destroyed.
The wight hits you with a +2 great sword of freezing!
You feel drained. The wight freezes you.
You are too injured to fight recklessly!
You are too injured to fight recklessly!
You are too injured to fight recklessly!
You are too injured to fight recklessly!
Reach: o) +2 spear (vorpal)
Press: ? - help, Dir - move target, f - wight
Aim: a wight, wielding a +2 great sword of freezing and wearing a +0 robe (almost destroyed, about 33% to evade your +2 vorpal spear)
You closely miss the wight.
The wight is almost destroyed.
Unknown command.
Reach: o) +2 spear (vorpal)
Press: ? - help, Dir - move target, f/p - wight
Aim: a wight, wielding a +2 great sword of freezing and wearing a +0 robe (almost destroyed, about 33% to evade your +2 vorpal spear)
You completely miss the wight.
The wight is almost destroyed.
The wight barely misses you.
Reach: o) +2 spear (vorpal)
Press: ? - help, Dir - move target, f/p - wight
Aim: a wight, wielding a +2 great sword of freezing and wearing a +0 robe (almost destroyed, about 33% to evade your +2 vorpal spear)
You barely miss the wight. Your headbutt misses the wight.
The wight is almost destroyed.
The wight hits you with a +2 great sword of freezing!
* * * LOW HITPOINT WARNING * * *
You feel drained.
* * * LOW HITPOINT WARNING * * *
The wight freezes you.
You die...
Your body crumbles into a pile of gold.

#....##..>..##.......
#.##..#........#..... >
##.##...###...#.#. ##
###..#.###....##.#.
>....#.#...##.##.#.
#.##.......##.##.#.
#.##.#....##.##.#. #
#.z....##.##)##.#. #.
##@##..###.##[[#.#.
#$###.###............#.
#...).......#.###.###.
###########.#.###.###.
# #.#.##...##. ≈≈
#.....>..... ..h
#########.##...###
.....≈ #<..)))...###.##
.☼..≈##.###########.#


You could see a wight.

Vanquished Creatures
  Grinder (D:6)
  A steam dragon (D:6)
  Menkaure (D:5)
  2 water moccasins (D:5)
  Pargi (Sewer)
  An ice beast (D:6)
  A black bear (D:6)
  An ogre (D:6)
  3 phantoms
  3 elf zombies (Ossuary)
  A scorpion (D:6)
  2 necrophages
  3 wights (D:6)
  A howler monkey (D:6)
  6 hounds
  2 centaur zombies (Ossuary)
  7 jellies
  2 human zombies (Ossuary)
  An orc priest (D:6)
  Ijyb (D:3)
  Terence (D:2)
  Jessica (D:2)
  4 iguanas
  2 orc wizards
  Natasha (thrice) (D:2)
  2 mummies (Ossuary)
  12 adders
  2 river rats (D:4)
  A white imp (D:5)
  2 adder zombies (Ossuary)
  2 worms (D:4)
  5 dart slugs
  27 orcs
  9 bats
  7 endoplasms
  2 giant cockroaches
  9 goblins
  10 hobgoblins
  8 jackals
  3 quokkas
  5 ball pythons
  5 frilled lizards
  2 goblin zombies (Ossuary)
  7 hobgoblin zombies (Ossuary)
  5 kobolds
  8 kobold zombies (Ossuary)
  11 orc zombies (Ossuary)
  10 rats
206 creatures vanquished.

Vanquished Creatures (collateral kills)
  Robin (D:2)
  An adder (D:2)
  A dart slug (D:1)
  A bat (D:1)
  3 hobgoblins (D:2)
  2 ball pythons
  4 goblins (D:2)
  A kobold (D:2)
14 creatures vanquished.

Vanquished Creatures (others)
  A scorpion (D:6)
  3 orcs (D:6)
4 creatures vanquished.

Grand Total: 224 creatures vanquished

Notes
Turn   | Place    | Note
-------+----------+-------------------------------------------
     0 | D:1      | siradein the Minotaur Summoner began the quest for the Orb.
     0 | D:1      | Reached XP level 1. HP: 14/14 MP: 1/1
   249 | D:1      | Reached XP level 2. HP: 20/20 MP: 1/3
   627 | D:1      | Learned a level 2 spell: Call Imp
   942 | D:1      | Found Gahif's Distillery.
   945 | D:1      | Bought a potion of degeneration for 13 gold pieces
  1025 | D:1      | Reached XP level 3. HP: 26/26 MP: 4/4
  1250 | D:1      | Reached skill level 1 in Polearms
  1507 | D:2      | Found a faded altar of an unknown god.
  1511 | D:2      | Noticed Terence
  1512 | D:2      | Noticed Natasha
  1642 | D:2      | Identified the +9 spear "Otetwan" {flame, Int+4}
  1655 | D:2      | Noticed Jessica
  1663 | D:2      | Killed Jessica
  1772 | D:2      | Reached XP level 4. HP: 33/33 MP: 3/6
  1776 | D:2      | Learned a level 3 spell: Call Canine Familiar
  1940 | D:2      | Killed Terence
  1941 | D:2      | Reached skill level 2 in Polearms
  2129 | D:2      | Killed Natasha
  2369 | D:2      | Reached XP level 5. HP: 29/38 MP: 5/7
  2500 | D:2      | Identified the +1 helmet "Lul Fug" {Contam rN+ Int+2}
  2500 | D:2      | Noticed Robin
  2511 | D:2      | Killed Robin
  3225 | D:2      | Learned a level 3 spell: Summon Guardian Golem
  3253 | D:2      | Noticed Natasha
  3259 | D:2      | Killed Natasha
  3260 | D:2      | Reached skill level 3 in Polearms
  3495 | D:2      | Noticed Natasha
  3503 | D:2      | Killed Natasha
  3793 | D:2      | Found a faded altar of an unknown god.
  4137 | D:3      | Found an opulent altar of Gozag.
  4222 | D:3      | Became a worshipper of Gozag Ym Sagoz the Greedy
  4299 | D:3      | Noticed Ijyb
  4321 | D:3      | Reached XP level 6. HP: 23/45 MP: 6/9
  4338 | D:3      | Killed Ijyb
  5113 | D:4      | Found a glowing drain.
  5120 | Sewer    | Entered a sewer
  5204 | Sewer    | Noticed Pargi
  5219 | Sewer    | Killed Pargi
  5220 | Sewer    | Reached skill level 1 in Fighting
  5220 | Sewer    | Reached skill level 4 in Polearms
  5220 | Sewer    | Reached skill level 1 in Armour
  5938 | D:4      | Reached XP level 7. HP: 51/52 MP: 10/10
  6694 | D:4      | Found a radiant altar of Vehumet.
  6782 | D:5      | Entered Level 5 of the Dungeon
  7256 | D:5      | Noticed Menkaure
  7261 | D:5      | Killed Menkaure
  7262 | D:5      | Reached skill level 5 in Polearms
  7295 | D:5      | Reached XP level 8. HP: 60/63 MP: 12/12
  7805 | D:5      | Learned a level 4 spell: Summon Lightning Spire
  7819 | D:6      | Noticed Grinder
  7823 | D:6      | Reached skill level 5 in Summonings
  7852 | D:6      | Killed Grinder
  7853 | D:6      | Reached skill level 6 in Polearms
  7915 | D:6      | Found a staircase to the Ecumenical Temple.
  8055 | D:6      | Reached skill level 5 in Armour
  8065 | D:6      | Found a shimmering altar of Xom.
  8065 | D:6      | Found a sand-covered staircase.
  8074 | Ossuary  | Entered an ossuary
  8319 | Ossuary  | Reached skill level 5 in Fighting
  8326 | Ossuary  | Reached XP level 9. HP: 74/74 MP: 14/14
  9175 | D:6      | Reached skill level 7 in Polearms
  9274 | D:6      | Found a broken altar of Ashenzari.
  9410 | D:6      | Found an iron altar of Okawaru.
  9814 | D:6      | HP: 2/58 [wight/+2 great sword of freezing (5)]
  9814 | D:6      | Slain by a wight

Illustrated notes

Levels and vault maps discovered:
D:1:      tarquinn_simple_flora_water_e, layout_loops_ring, serial_shops,
          nicolae_shop_behind_doors, minmay_stone_trees_small,
          hangedman_decor_opposing
D:2:      layout_basic, chequers_ecumenical_altar_simple_redux,
          guppyfry_early_orc_mine, uniq_natasha, uniq_terence, uniq_jessica,
          uniq_robin
D:3:      layout_loops_ring, grunt_gozag_statues, uniq_ijyb
D:4:      layout_basic, nicolae_vehumet_altar_sigil, lightli_sewer_entry_pipes,
          dk_noncrumbling_2, grunt_decor_clamped, mrwooster_statue_mirror,
          sigmund_army
D:5:      layout_rooms, kennysheep_cluttered_room, uniq_menkaure
D:6:      kennysheep_windowed_halls, layout_loops_ring, xom_confusion_cloud,
          minmay_temple_entry_slanted, enter_ossuary_1,
          hangedman_feature_mirror, uniq_grinder

Skill      XL: |  1  2  3  4  5  6  7  8  9 |
---------------+----------------------------+-----
Summonings     | 3 4 5 |  5.7
Spellcasting   | 2 3 4 |  4.7
Polearms       | 1 2 3 4 5 6 7 |  7.2
Fighting       | 1 3 5 6 |  6.0
Armour         | 1 3 5 6 |  6.1
Dodging        | |  2.1
Stealth        | |  1.5
Shields        | |  0.6

Action                   |  1- 3 |  4- 6 |  7- 9 || total
-------------------------+-------+-------+-------++-------
Melee: Unarmed           |     9 |       |       ||     9
       Headbutt          |     6 |    31 |    94 ||   131
       Dagger            |    18 |       |       ||    18
       Trident           |    51 |    55 |       ||   106
       Spear             |       |   182 |   507 ||   689
       Punch             |       |     3 |     6 ||     9
 Cast: Summon Small Mamm |    11 |     1 |       ||    12
       Call Imp          |     9 |    20 |       ||    29
  Use: Potion            |       |     1 |     1 ||     2
       Scroll            |       |       |     6 ||     6
 Stab: Sleeping          |     4 |     1 |       ||     5
       Distracted        |       |       |     3 ||     3
Armor: Robe              |     5 |       |       ||     5
       Leather armour    |     5 |    43 |       ||    48
       Chain mail        |       |    77 |   207 ||   284
Dodge: Dodged            |    51 |    66 |    81 ||   198
Block: Kite shield       |       |       |     5 ||     5

Table legend: (Time is in decaauts)
 A = Elapsed time spent in this place.
 B = Non-inter-level travel time spent in this place.
 C = Inter-level travel time spent in this place.
 D = Time resting spent in this place.
 E = Time spent auto-exploring this place.
 F = Levels seen in this place.
 G = Mean time per level.
                   A        B        C        D        E       F      G
               +--------+--------+--------+--------+--------+-----+--------+
         Total |   9793 |   9599 |    194 |    566 |   7392 |   8 | 1224.1 |
       Dungeon |   8727 |   8533 |    194 |    560 |   6634 |   6 | 1454.5 |
         Sewer |    358 |    358 |      0 |      0 |    286 |   1 |  358.0 |
       Ossuary |    706 |    706 |      0 |      6 |    472 |   1 |  706.0 |
               +--------+--------+--------+--------+--------+-----+--------+

Top non-repeatable levels by time:
     D:2: 2491 daAuts
     D:1: 1550 daAuts
     D:4: 1441 daAuts
     D:6: 1224 daAuts
     D:5: 1020 daAuts
     D:3: 999 daAuts
 Ossuary: 706 daAuts
   Sewer: 358 daAuts
